[ AOE2 MATCH · #474879585 ]
UnrankedJapanese vs Malians
[ REPLAY ANALYSIS · EXTRACTED FROM THE RECORDED GAME ]
Feudal
14:20
Castle
27:36
Imperial
—
| APM avg | 31.0 |
| APM peak | 58 |
| eAPM avg | 16.0 |
| Villagers / military | 97 / 132 |
Focus
⚔️ 30.6% · 🌾 69.4%
Cavalry Archer ×52 · Militia ×28 · Samurai ×22 · Spearman ×17 · Fishing Ship ×7 · Archer ×6
Feudal
15:55
Castle
22:34
Imperial
43:46
| APM avg | 29.0 |
| APM peak | 74 |
| eAPM avg | 17.7 |
| Villagers / military | 159 / 110 |
Focus
⚔️ 28.0% · 🌾 72.0%
Skirmisher ×55 · Genoese Crossbowman ×32 · Fishing Ship ×22 · Fire Galley ×13 · Unknown (2626) ×7 · Galley ×5
Feudal
15:37
Castle
20:25
Imperial
37:45
| APM avg | 33.3 |
| APM peak | 67 |
| eAPM avg | 19.2 |
| Villagers / military | 117 / 140 |
Focus
⚔️ 25.7% · 🌾 74.3%
Archer ×76 · Galley ×48 · Fishing Ship ×13 · Bombard Cannon ×6 · Fire Galley ×5 · Hand Cannoneer ×3
Feudal
14:44
Castle
18:23
Imperial
37:35
| APM avg | 28.0 |
| APM peak | 54 |
| eAPM avg | 15.7 |
| Villagers / military | 94 / 67 |
Focus
⚔️ 42.2% · 🌾 57.8%
Conquistador ×54 · Fishing Ship ×6 · Skirmisher ×5 · Mangonel ×3 · Trebuchet (Packed) ×3 · Fire Galley ×2
Feudal
14:00
Castle
24:56
Imperial
42:45
| APM avg | 19.9 |
| APM peak | 47 |
| eAPM avg | 14.6 |
| Villagers / military | 118 / 136 |
Focus
⚔️ 32.5% · 🌾 67.5%
Battle Elephant ×80 · Militia ×29 · Fishing Ship ×10 · Scout Cavalry ×10 · Knight ×5 · Battering Ram ×3
Feudal
14:19
Castle
22:02
Imperial
42:42
| APM avg | 30.2 |
| APM peak | 49 |
| eAPM avg | 16.3 |
| Villagers / military | 137 / 138 |
Focus
⚔️ 34.8% · 🌾 65.2%
Knight ×88 · Spearman ×42 · Fishing Ship ×12 · Fire Galley ×7 · Monk ×1
Feudal
13:27
Castle
20:17
Imperial
41:12
| APM avg | 43.3 |
| APM peak | 93 |
| eAPM avg | 19.4 |
| Villagers / military | 86 / 12 |
Focus
⚔️ 20.6% · 🌾 79.4%
Unknown (1911) ×19 · Unknown (1908) ×18 · Fishing Ship ×5 · Skirmisher ×4 · Iron Pagoda ×3 · Battering Ram ×3
Feudal
13:37
Castle
19:50
Imperial
39:02
| APM avg | 28.6 |
| APM peak | 50 |
| eAPM avg | 16.5 |
| Villagers / military | 110 / 128 |
Focus
⚔️ 35.3% · 🌾 64.7%
Knight ×101 · Camel Scout ×13 · Galley ×11 · Fishing Ship ×11 · Trebuchet (Packed) ×3
Match map
Initial resources + every placement click. Lines = walls · curves = elevation contours. ◆ gold · ⬟ stone · ● berries · ✦ relic · ◌ wall gap
Your base· Open — 8t gap
sajuk's base· Open — 5t gap
SoldierBoy's base· Open — 6t gap
Mr. Cold's base· Open — 3t gap
Dark Gundam's base· Open — 7t gap
Lobiya's base· Open — 7t gap
De_Aztek's base· Open — 10t gap
GunsNroses's base· Open — 6t gap
Smoothed initial terrain · ◌ = detected wall gap · hover for details
Inputs per minute
— Deathiscoming - - sajuk
Build order — Deathiscoming
First 150 of 342 actions detected
| 0:15 | Build | Dock |
| 0:19 | Build | House |
| 0:46 | Build | Town Center |
| 3:08 | Create | Villager (Male) |
| 3:08 | Create | Villager (Male) |
| 3:09 | Create | Villager (Male) |
| 3:09 | Create | Villager (Male) |
| 3:09 | Create | Villager (Male) |
| 3:29 | Create | Villager (Male) |
| 4:53 | Create | Fishing Ship |
| 4:55 | Build | House |
| 5:11 | Create | Villager (Male) |
| 5:22 | Create | Villager (Male) |
| 5:50 | Create | Villager (Male) |
| 6:17 | Create | Villager (Male) |
| 6:30 | Create | Villager (Male) |
| 6:34 | Build | House |
| 6:41 | Create | Fishing Ship |
| 6:58 | Create | Villager (Male) |
| 6:58 | Create | Villager (Male) |
| 7:05 | Build | House |
| 7:31 | Create | Villager (Male) |
| 7:42 | Create | Fishing Ship |
| 7:59 | Create | Villager (Male) |
| 8:27 | Create | Fishing Ship |
| 8:31 | Build | House |
| 8:45 | Create | Villager (Male) |
| 9:03 | Create | Villager (Male) |
| 9:05 | Create | Fishing Ship |
| 9:11 | Build | Lumber Camp |
| 9:27 | Create | Villager (Male) |
| 9:52 | Create | Villager (Male) |
| 9:55 | Create | Fishing Ship |
| 10:16 | Create | Villager (Male) |
| 10:47 | Build | Mill |
| 11:04 | Create | Fishing Ship |
| 11:11 | Create | Villager (Male) |
| 11:15 | Build | House |
| 11:25 | Build | Barracks |
| 11:38 | Create | Villager (Male) |
| 11:45 | Research | Loom |
| 12:02 | Create | Villager (Male) |
| 12:10 | Research | Feudal Age |
| 12:12 | Create | Villager (Male) |
| 12:17 | Create | Militia |
| 12:22 | Create | Villager (Male) |
| 13:07 | Create | Militia |
| 13:09 | Create | Militia |
| 13:12 | Create | Militia |
| 13:35 | Build | House |
| 13:38 | Build | House |
| 13:57 | Create | Villager (Male) |
| 14:01 | Build | House |
| 14:05 | Create | Militia |
| 14:20 | Age | Feudal Age |
| 14:21 | Research | Man-at-Arms (upgrade) |
| 14:27 | Build | Blacksmith |
| 14:38 | Build | Palisade Wall |
| 14:42 | Build | Palisade Gate |
| 14:44 | Create | Villager (Male) |
| 14:48 | Build | House |
| 14:49 | Build | House |
| 14:54 | Research | Double-Bit Axe |
| 15:06 | Create | Militia |
| 15:14 | Research | Forging |
| 15:18 | Build | Farm |
| 15:20 | Research | Horse Collar |
| 15:21 | Create | Villager (Male) |
| 15:38 | Create | Villager (Male) |
| 15:47 | Research | Arson |
| 15:52 | Build | Farm |
| 15:53 | Create | Villager (Male) |
| 15:56 | Build | Farm |
| 15:58 | Build | Farm |
| 16:04 | Build | Farm |
| 16:07 | Build | Farm |
| 16:19 | Create | Militia |
| 16:20 | Create | Militia |
| 16:21 | Create | Villager (Male) |
| 16:26 | Build | Farm |
| 16:52 | Create | Unit 2626 |
| 16:59 | Create | Villager (Male) |
| 17:05 | Build | Farm |
| 17:11 | Create | Militia |
| 17:50 | Create | Villager (Male) |
| 17:55 | Build | House |
| 17:57 | Build | House |
| 18:00 | Build | Palisade Wall |
| 18:04 | Create | Villager (Male) |
| 18:16 | Create | Militia |
| 18:34 | Build | Farm |
| 18:41 | Build | Archery Range |
| 18:43 | Create | Villager (Male) |
| 18:53 | Build | Lumber Camp |
| 19:06 | Create | Militia |
| 19:37 | Build | Archery Range |
| 19:40 | Build | House |
| 19:42 | Build | House |
| 19:45 | Create | Villager (Male) |
| 19:49 | Build | Farm |
| 19:49 | Build | Farm |
| 19:49 | Build | Farm |
| 19:53 | Build | Farm |
| 19:56 | Create | Militia |
| 19:56 | Create | Militia |
| 19:59 | Research | Scale Mail Armor |
| 20:04 | Create | Archer |
| 20:04 | Create | Archer |
| 20:28 | Create | Villager (Male) |
| 20:37 | Create | Militia |
| 20:42 | Create | Archer |
| 20:43 | Research | Fletching |
| 20:54 | Create | Militia |
| 21:02 | Create | Archer |
| 21:03 | Create | Archer |
| 21:20 | Create | Militia |
| 21:21 | Create | Villager (Male) |
| 21:22 | Create | Villager (Male) |
| 21:27 | Build | Farm |
| 21:30 | Build | Farm |
| 21:51 | Create | Militia |
| 22:06 | Create | Archer |
| 22:11 | Create | Villager (Male) |
| 22:17 | Build | Farm |
| 22:19 | Build | Farm |
| 22:29 | Research | Town Watch |
| 22:31 | Research | Wheelbarrow |
| 22:35 | Build | Farm |
| 22:41 | Create | Militia |
| 23:29 | Create | Villager (Male) |
| 23:33 | Build | Farm |
| 24:02 | Build | Palisade Wall |
| 24:05 | Build | House |
| 24:05 | Build | House |
| 24:45 | Create | Villager (Male) |
| 24:55 | Research | Castle Age |
| 24:58 | Create | Militia |
| 24:58 | Create | Militia |
| 25:02 | Build | Barracks |
| 25:06 | Build | Archery Range |
| 25:11 | Build | House |
| 25:14 | Research | Padded Archer Armor |
| 25:26 | Create | Militia |
| 25:59 | Create | Militia |
| 26:00 | Create | Militia |
| 26:39 | Build | House |
| 26:40 | Build | House |
| 26:44 | Build | Palisade Wall |
| 26:52 | Create | Militia |
| 27:32 | Create | Villager (Male) |
Build order — sajuk
First 150 of 500 actions detected
| 0:34 | Build | Dock |
| 0:36 | Build | House |
| 0:38 | Build | House |
| 0:57 | Build | Town Center |
| 3:08 | Create | Villager (Male) |
| 3:09 | Create | Villager (Male) |
| 3:09 | Create | Villager (Male) |
| 3:09 | Create | Villager (Male) |
| 3:39 | Research | Loom |
| 4:19 | Create | Villager (Male) |
| 4:19 | Create | Villager (Male) |
| 4:32 | Create | Villager (Male) |
| 5:18 | Create | Villager (Male) |
| 5:19 | Create | Fishing Ship |
| 5:58 | Create | Fishing Ship |
| 6:13 | Create | Villager (Male) |
| 6:47 | Build | House |
| 6:49 | Build | House |
| 6:51 | Build | House |
| 6:53 | Create | Villager (Male) |
| 7:10 | Create | Fishing Ship |
| 7:21 | Create | Villager (Male) |
| 7:41 | Create | Fishing Ship |
| 7:44 | Create | Villager (Male) |
| 8:00 | Build | Palisade Wall |
| 8:07 | Create | Fishing Ship |
| 8:18 | Build | Palisade Wall |
| 8:19 | Create | Villager (Male) |
| 8:42 | Create | Villager (Male) |
| 8:48 | Build | Palisade Gate |
| 8:51 | Build | House |
| 8:53 | Create | Villager (Male) |
| 8:59 | Build | House |
| 9:04 | Build | Palisade Wall |
| 9:13 | Create | Fishing Ship |
| 9:25 | Create | Villager (Male) |
| 9:46 | Create | Villager (Male) |
| 9:47 | Create | Fishing Ship |
| 10:10 | Build | House |
| 10:12 | Build | House |
| 10:14 | Create | Villager (Male) |
| 10:39 | Build | Dock |
| 10:42 | Create | Villager (Male) |
| 10:54 | Build | Mill |
| 11:14 | Build | Palisade Wall |
| 11:18 | Build | Palisade Wall |
| 11:22 | Create | Villager (Male) |
| 11:33 | Create | Fishing Ship |
| 11:47 | Create | Villager (Male) |
| 11:47 | Create | Villager (Male) |
| 11:48 | Create | Fishing Ship |
| 11:56 | Create | Fishing Ship |
| 12:34 | Build | Palisade Wall |
| 12:40 | Create | Villager (Male) |
| 12:50 | Create | Fishing Ship |
| 12:50 | Create | Fishing Ship |
| 13:09 | Create | Fishing Ship |
| 13:45 | Research | Feudal Age |
| 13:46 | Research | Feudal Age |
| 13:50 | Build | Mill |
| 14:02 | Build | Mining Camp |
| 14:04 | Create | Villager (Male) |
| 14:14 | Create | Fishing Ship |
| 14:14 | Create | Fishing Ship |
| 14:45 | Build | Lumber Camp |
| 15:03 | Create | Fishing Ship |
| 15:04 | Create | Fishing Ship |
| 15:29 | Build | Barracks |
| 15:34 | Build | House |
| 15:35 | Build | House |
| 15:37 | Create | Villager (Male) |
| 15:51 | Build | House |
| 15:52 | Build | House |
| 15:55 | Age | Feudal Age |
| 16:02 | Create | Fire Galley |
| 16:02 | Create | Fire Galley |
| 16:05 | Create | Villager (Male) |
| 16:05 | Create | Villager (Male) |
| 16:16 | Research | Gold Mining |
| 16:22 | Create | Villager (Male) |
| 16:29 | Research | Double-Bit Axe |
| 16:30 | Research | Double-Bit Axe |
| 16:58 | Research | Tech 906 |
| 16:59 | Create | Unit 2626 |
| 17:07 | Create | Villager (Male) |
| 17:07 | Create | Villager (Male) |
| 17:22 | Build | Blacksmith |
| 17:40 | Create | Villager (Male) |
| 17:52 | Build | Market |
| 17:53 | Build | House |
| 17:57 | Build | House |
| 18:09 | Create | Unit 2626 |
| 18:10 | Create | Unit 2626 |
| 18:21 | Create | Unit 2626 |
| 18:26 | Research | Fletching |
| 18:27 | Research | Padded Archer Armor |
| 18:59 | Create | Unit 2626 |
| 18:59 | Create | Fire Galley |
| 19:17 | Create | Galley |
| 19:17 | Create | Galley |
| 19:23 | Create | Villager (Male) |
| 19:24 | Create | Villager (Male) |
| 19:52 | Research | Castle Age |
| 19:59 | Research | Stone Mining |
| 20:05 | Build | Mining Camp |
| 20:07 | Research | Horse Collar |
| 20:08 | Research | Horse Collar |
| 20:16 | Create | Fire Galley |
| 20:16 | Create | Fire Galley |
| 20:25 | Research | Padded Archer Armor |
| 20:25 | Research | Padded Archer Armor |
| 21:37 | Create | Fire Galley |
| 21:37 | Create | Fire Galley |
| 22:02 | Build | Palisade Wall |
| 22:08 | Build | Palisade Wall |
| 22:26 | Build | Stone Wall |
| 22:33 | Build | House |
| 22:34 | Age | Castle Age |
| 22:38 | Build | House |
| 23:04 | Create | Villager (Male) |
| 23:04 | Create | Villager (Male) |
| 23:09 | Build | Stable |
| 23:14 | Build | Stable |
| 23:27 | Build | Farm |
| 23:33 | Create | Villager (Male) |
| 23:44 | Create | Knight |
| 23:45 | Create | Knight |
| 23:46 | Research | Husbandry |
| 24:04 | Build | Mining Camp |
| 24:13 | Build | Lumber Camp |
| 24:16 | Create | Villager (Male) |
| 24:27 | Create | Knight |
| 24:27 | Create | Knight |
| 24:39 | Research | Stone Shaft Mining |
| 24:41 | Create | Villager (Male) |
| 24:41 | Create | Villager (Male) |
| 24:53 | Build | Castle |
| 24:58 | Create | Villager (Male) |
| 25:07 | Research | Gillnets |
| 25:08 | Create | Fishing Ship |
| 25:27 | Create | Villager (Male) |
| 25:27 | Create | Villager (Male) |
| 25:46 | Create | Villager (Male) |
| 26:18 | Create | Villager (Male) |
| 26:19 | Create | Villager (Male) |
| 26:28 | Build | Town Center |
| 26:30 | Create | Villager (Male) |
| 26:30 | Create | Villager (Male) |
| 26:39 | Create | Villager (Male) |
| 27:05 | Create | Fishing Ship |
Build order — SoldierBoy
First 150 of 358 actions detected
| 0:18 | Build | Town Center |
| 0:39 | Build | House |
| 0:41 | Build | Dock |
| 2:32 | Create | Villager (Male) |
| 2:32 | Create | Villager (Male) |
| 2:32 | Create | Villager (Male) |
| 2:33 | Create | Villager (Male) |
| 3:35 | Create | Fishing Ship |
| 3:53 | Create | Villager (Male) |
| 4:13 | Build | House |
| 4:44 | Research | Loom |
| 4:45 | Create | Fishing Ship |
| 4:45 | Create | Fishing Ship |
| 4:57 | Create | Villager (Male) |
| 5:16 | Create | Villager (Male) |
| 5:16 | Create | Villager (Male) |
| 5:47 | Create | Villager (Male) |
| 5:47 | Create | Villager (Male) |
| 5:51 | Build | House |
| 5:56 | Create | Villager (Male) |
| 6:07 | Create | Villager (Male) |
| 6:49 | Create | Villager (Male) |
| 6:49 | Create | Villager (Male) |
| 6:50 | Create | Villager (Male) |
| 6:50 | Create | Villager (Male) |
| 7:00 | Create | Fishing Ship |
| 7:13 | Build | House |
| 7:18 | Create | Villager (Male) |
| 7:18 | Create | Villager (Male) |
| 7:36 | Create | Villager (Male) |
| 7:36 | Create | Villager (Male) |
| 7:42 | Create | Villager (Male) |
| 7:42 | Create | Villager (Male) |
| 8:05 | Build | House |
| 8:14 | Create | Villager (Male) |
| 8:22 | Build | House |
| 8:27 | Create | Fishing Ship |
| 8:27 | Create | Fishing Ship |
| 8:31 | Create | Villager (Male) |
| 8:36 | Build | House |
| 9:03 | Create | Villager (Male) |
| 9:04 | Create | Villager (Male) |
| 9:11 | Create | Fishing Ship |
| 9:33 | Create | Villager (Male) |
| 9:44 | Build | House |
| 9:57 | Build | Dock |
| 9:58 | Create | Villager (Male) |
| 9:59 | Create | Villager (Male) |
| 10:22 | Create | Fishing Ship |
| 10:23 | Create | Fishing Ship |
| 10:23 | Create | Fishing Ship |
| 10:39 | Create | Fishing Ship |
| 10:51 | Create | Fishing Ship |
| 11:21 | Build | Palisade Wall |
| 11:24 | Build | Palisade Wall |
| 11:26 | Build | Palisade Wall |
| 11:54 | Create | Villager (Male) |
| 11:56 | Build | Lumber Camp |
| 12:03 | Build | Mill |
| 12:12 | Build | House |
| 12:55 | Build | Mill |
| 13:18 | Build | House |
| 13:27 | Research | Feudal Age |
| 15:37 | Age | Feudal Age |
| 15:40 | Build | Dock |
| 15:44 | Build | Market |
| 15:45 | Build | Blacksmith |
| 15:51 | Create | Villager (Male) |
| 15:52 | Create | Villager (Male) |
| 15:52 | Create | Villager (Male) |
| 16:20 | Create | Fishing Ship |
| 16:48 | Research | Double-Bit Axe |
| 16:55 | Create | Villager (Male) |
| 16:55 | Create | Villager (Male) |
| 17:29 | Research | Castle Age |
| 17:36 | Build | Mining Camp |
| 17:46 | Build | Dock |
| 17:49 | Research | Fletching |
| 18:07 | Build | House |
| 18:09 | Build | Palisade Wall |
| 18:22 | Build | Palisade Wall |
| 18:23 | Build | Palisade Wall |
| 19:12 | Research | Gold Mining |
| 19:26 | Create | Galley |
| 19:26 | Create | Galley |
| 20:25 | Age | Castle Age |
| 20:30 | Research | War Galley (upgrade) |
| 20:31 | Research | Bodkin Arrow |
| 20:38 | Build | Town Center |
| 20:48 | Build | Town Center |
| 20:55 | Create | Galley |
| 21:00 | Build | House |
| 21:22 | Create | Villager (Male) |
| 21:22 | Create | Villager (Male) |
| 21:38 | Research | Town Watch |
| 21:40 | Create | Villager (Male) |
| 21:40 | Create | Villager (Male) |
| 22:10 | Create | Demolition Raft |
| 22:20 | Build | House |
| 22:21 | Create | Villager (Male) |
| 22:21 | Create | Villager (Male) |
| 22:21 | Create | Villager (Male) |
| 22:34 | Research | Bow Saw |
| 22:42 | Create | Villager (Male) |
| 22:49 | Create | Villager (Male) |
| 22:49 | Create | Villager (Male) |
| 23:09 | Create | Villager (Male) |
| 23:09 | Create | Villager (Male) |
| 23:13 | Create | Villager (Male) |
| 23:13 | Create | Villager (Male) |
| 23:24 | Research | Horse Collar |
| 23:26 | Research | Wheelbarrow |
| 23:29 | Research | Wheelbarrow |
| 23:31 | Create | Villager (Male) |
| 23:39 | Create | Villager (Male) |
| 23:39 | Create | Villager (Male) |
| 23:39 | Create | Villager (Male) |
| 23:51 | Create | Villager (Male) |
| 23:51 | Create | Villager (Male) |
| 23:51 | Create | Villager (Male) |
| 23:52 | Create | Villager (Male) |
| 24:06 | Create | Villager (Male) |
| 24:19 | Build | Farm |
| 24:20 | Build | Farm |
| 24:22 | Build | Farm |
| 24:22 | Build | Farm |
| 24:25 | Create | Villager (Male) |
| 24:25 | Create | Villager (Male) |
| 24:32 | Build | Farm |
| 24:41 | Build | Farm |
| 24:41 | Build | Farm |
| 24:41 | Build | Farm |
| 24:42 | Build | Farm |
| 24:42 | Build | Farm |
| 24:42 | Build | Farm |
| 24:43 | Build | Farm |
| 24:43 | Build | Farm |
| 24:46 | Build | Farm |
| 24:50 | Build | Monastery |
| 25:06 | Create | Villager (Male) |
| 25:06 | Create | Villager (Male) |
| 25:07 | Create | Villager (Male) |
| 25:07 | Create | Villager (Male) |
| 25:57 | Build | Town Center |
| 26:01 | Create | Monk |
| 26:05 | Create | Villager (Male) |
| 26:05 | Create | Villager (Male) |
| 26:05 | Create | Villager (Male) |
| 26:05 | Create | Villager (Male) |
| 26:11 | Research | Stone Mining |
Build order — Mr. Cold
First 150 of 294 actions detected
| 0:10 | Build | Town Center |
| 1:27 | Build | Dock |
| 1:43 | Build | House |
| 1:44 | Build | Palisade Wall |
| 1:46 | Build | Palisade Wall |
| 2:36 | Create | Villager (Male) |
| 2:36 | Create | Villager (Male) |
| 2:37 | Create | Villager (Male) |
| 2:56 | Create | Villager (Male) |
| 4:01 | Create | Fishing Ship |
| 4:22 | Research | Loom |
| 4:40 | Build | House |
| 4:42 | Create | Villager (Male) |
| 4:43 | Create | Villager (Male) |
| 4:53 | Create | Fishing Ship |
| 4:53 | Create | Fishing Ship |
| 5:37 | Create | Fishing Ship |
| 5:56 | Build | House |
| 6:08 | Create | Villager (Male) |
| 6:21 | Build | Palisade Wall |
| 6:33 | Create | Villager (Male) |
| 6:34 | Create | Villager (Male) |
| 7:05 | Build | Palisade Wall |
| 7:12 | Create | Villager (Male) |
| 7:12 | Create | Villager (Male) |
| 7:25 | Create | Villager (Male) |
| 8:06 | Create | Villager (Male) |
| 8:35 | Create | Villager (Male) |
| 8:36 | Create | Villager (Male) |
| 8:44 | Create | Villager (Male) |
| 9:02 | Build | House |
| 9:45 | Create | Fishing Ship |
| 9:45 | Create | Fishing Ship |
| 9:55 | Build | House |
| 10:04 | Create | Villager (Male) |
| 10:04 | Create | Villager (Male) |
| 10:40 | Create | Villager (Male) |
| 10:40 | Create | Villager (Male) |
| 10:50 | Build | Mill |
| 10:57 | Create | Villager (Male) |
| 11:08 | Build | Palisade Wall |
| 11:27 | Build | Mining Camp |
| 11:52 | Build | Palisade Wall |
| 11:56 | Create | Villager (Male) |
| 11:59 | Build | Palisade Wall |
| 12:17 | Research | Feudal Age |
| 12:51 | Create | Villager (Male) |
| 12:51 | Create | Villager (Male) |
| 13:08 | Build | Palisade Wall |
| 14:44 | Age | Feudal Age |
| 14:51 | Build | Market |
| 14:53 | Build | Blacksmith |
| 15:00 | Build | House |
| 15:05 | Create | Villager (Male) |
| 15:32 | Build | Stone Wall |
| 15:39 | Build | Mining Camp |
| 15:42 | Research | Castle Age |
| 16:05 | Build | Lumber Camp |
| 16:12 | Build | Palisade Wall |
| 16:15 | Build | Palisade Wall |
| 17:09 | Build | Stone Wall |
| 17:13 | Research | Double-Bit Axe |
| 17:40 | Research | Stone Mining |
| 17:44 | Create | Villager (Male) |
| 17:57 | Build | House |
| 18:23 | Age | Castle Age |
| 18:33 | Create | Villager (Male) |
| 18:39 | Build | House |
| 18:42 | Build | Outpost |
| 18:44 | Research | Town Watch |
| 18:47 | Create | Villager (Male) |
| 18:52 | Build | House |
| 18:56 | Build | Stone Wall |
| 18:59 | Build | Stone Wall |
| 19:02 | Create | Villager (Male) |
| 19:19 | Create | Villager (Male) |
| 19:33 | Build | Stone Wall |
| 19:37 | Build | Outpost |
| 19:46 | Create | Villager (Male) |
| 19:51 | Research | Horse Collar |
| 20:13 | Build | Outpost |
| 20:17 | Create | Villager (Male) |
| 21:10 | Build | Castle |
| 21:11 | Build | Mining Camp |
| 21:15 | Build | Outpost |
| 21:17 | Create | Villager (Male) |
| 21:17 | Create | Villager (Male) |
| 21:22 | Build | Stone Wall |
| 21:31 | Research | Gold Mining |
| 21:37 | Build | Stone Wall |
| 21:41 | Build | Farm |
| 21:45 | Build | Farm |
| 21:47 | Build | Farm |
| 21:50 | Build | Farm |
| 21:52 | Build | Farm |
| 21:54 | Research | Padded Archer Armor |
| 21:54 | Research | Fletching |
| 21:58 | Create | Villager (Male) |
| 21:59 | Create | Villager (Male) |
| 22:27 | Create | Villager (Male) |
| 22:32 | Create | Conquistador |
| 22:41 | Create | Conquistador |
| 22:41 | Create | Conquistador |
| 22:45 | Build | Farm |
| 22:48 | Build | Farm |
| 22:56 | Create | Villager (Male) |
| 23:12 | Create | Conquistador |
| 23:21 | Create | Fire Galley |
| 23:33 | Create | Villager (Male) |
| 23:46 | Build | Stone Wall |
| 23:48 | Build | Stone Wall |
| 23:52 | Create | Villager (Male) |
| 24:31 | Research | Wheelbarrow |
| 24:32 | Create | Villager (Male) |
| 24:41 | Build | Barracks |
| 24:46 | Create | Conquistador |
| 24:47 | Create | Conquistador |
| 24:54 | Build | Farm |
| 25:04 | Create | Conquistador |
| 25:20 | Create | Conquistador |
| 25:28 | Research | Leather Archer Armor |
| 25:37 | Create | Conquistador |
| 25:44 | Create | Fire Galley |
| 25:47 | Create | Villager (Male) |
| 26:01 | Build | Farm |
| 26:01 | Build | Farm |
| 26:01 | Build | Farm |
| 26:02 | Build | Farm |
| 26:02 | Build | Farm |
| 26:07 | Create | Villager (Male) |
| 26:08 | Create | Conquistador |
| 26:39 | Create | Villager (Male) |
| 26:39 | Create | Villager (Male) |
| 26:59 | Build | Castle |
| 27:22 | Build | Siege Workshop |
| 27:50 | Create | Conquistador |
| 27:50 | Create | Conquistador |
| 27:50 | Create | Conquistador |
| 28:00 | Create | Conquistador |
| 28:00 | Create | Conquistador |
| 28:05 | Research | Fletching |
| 28:09 | Create | Villager (Male) |
| 28:09 | Create | Villager (Male) |
| 28:10 | Create | Villager (Male) |
| 28:14 | Create | Mangonel |
| 28:15 | Create | Mangonel |
| 28:42 | Create | Villager (Male) |
| 28:42 | Create | Villager (Male) |
| 28:42 | Create | Villager (Male) |
| 29:33 | Create | Mangonel |
Build order — Dark Gundam
First 150 of 368 actions detected
| 0:18 | Build | Town Center |
| 1:23 | Build | Dock |
| 1:27 | Build | House |
| 1:30 | Build | Palisade Wall |
| 1:44 | Build | Palisade Wall |
| 3:02 | Create | Villager (Male) ×4 |
| 4:03 | Create | Fishing Ship |
| 4:36 | Create | Villager (Male) |
| 4:36 | Create | Villager (Male) |
| 4:46 | Build | House |
| 4:49 | Research | Loom |
| 5:12 | Create | Fishing Ship |
| 5:39 | Create | Villager (Male) |
| 5:39 | Create | Villager (Male) |
| 6:05 | Create | Villager (Male) |
| 6:06 | Create | Villager (Male) |
| 6:31 | Create | Fishing Ship |
| 6:37 | Build | House |
| 6:41 | Create | Villager (Male) |
| 6:41 | Create | Villager (Male) |
| 7:02 | Create | Villager (Male) |
| 7:11 | Create | Fishing Ship |
| 7:22 | Build | House |
| 7:39 | Create | Villager (Male) |
| 7:40 | Create | Villager (Male) |
| 7:50 | Build | Palisade Wall |
| 7:59 | Create | Villager (Male) |
| 7:59 | Create | Villager (Male) |
| 8:01 | Create | Fishing Ship |
| 8:01 | Create | Fishing Ship |
| 8:11 | Create | Villager (Male) |
| 8:12 | Create | Villager (Male) |
| 8:37 | Create | Villager (Male) |
| 8:37 | Create | Villager (Male) |
| 8:58 | Build | House |
| 9:02 | Create | Villager (Male) |
| 9:02 | Create | Villager (Male) |
| 9:03 | Create | Villager (Male) |
| 9:03 | Create | Villager (Male) |
| 9:17 | Create | Fishing Ship |
| 9:17 | Create | Fishing Ship |
| 9:42 | Create | Villager (Male) |
| 9:43 | Create | Villager (Male) |
| 9:52 | Build | Palisade Wall |
| 10:36 | Build | Barracks |
| 11:31 | Research | Feudal Age |
| 11:41 | Build | Palisade Wall |
| 11:57 | Build | Palisade Wall |
| 11:58 | Build | Palisade Wall |
| 12:06 | Build | Dock |
| 12:09 | Create | Fishing Ship |
| 12:39 | Build | House |
| 12:51 | Build | Mining Camp |
| 13:06 | Create | Fishing Ship |
| 13:17 | Build | Palisade Gate |
| 13:24 | Create | Villager (Male) |
| 13:25 | Create | Villager (Male) |
| 13:25 | Create | Villager (Male) |
| 13:41 | Build | Mill |
| 14:00 | Age | Feudal Age |
| 14:05 | Create | Fire Galley |
| 14:06 | Create | Fire Galley |
| 14:36 | Build | House |
| 14:37 | Build | House |
| 14:52 | Build | Watch Tower |
| 14:59 | Build | House |
| 15:01 | Build | House |
| 15:19 | Research | Man-at-Arms (upgrade) |
| 15:20 | Create | Militia |
| 15:20 | Create | Militia |
| 15:20 | Create | Militia |
| 15:20 | Create | Militia |
| 15:23 | Create | Villager (Male) |
| 15:23 | Create | Villager (Male) |
| 15:23 | Create | Villager (Male) |
| 15:23 | Create | Villager (Male) |
| 16:02 | Build | Barracks |
| 16:26 | Build | Blacksmith |
| 16:46 | Create | Villager (Male) |
| 16:46 | Create | Villager (Male) |
| 16:54 | Build | Palisade Wall |
| 17:09 | Create | Militia |
| 17:09 | Create | Militia |
| 17:09 | Create | Militia |
| 17:14 | Research | Scale Mail Armor |
| 17:19 | Build | Farm |
| 17:20 | Build | Farm |
| 17:32 | Research | Arson |
| 17:43 | Build | Palisade Gate |
| 17:51 | Research | Wheelbarrow |
| 17:56 | Build | House |
| 18:07 | Research | Forging |
| 18:10 | Build | House |
| 18:14 | Create | Militia |
| 18:14 | Create | Militia |
| 18:17 | Create | Militia |
| 18:17 | Create | Militia |
| 18:30 | Build | Market |
| 19:13 | Create | Militia |
| 19:13 | Create | Militia |
| 19:14 | Create | Militia |
| 19:17 | Create | Villager (Male) |
| 19:18 | Create | Villager (Male) |
| 19:23 | Build | Farm |
| 19:23 | Build | Farm |
| 19:23 | Build | Farm |
| 19:24 | Build | Farm |
| 19:24 | Build | Farm |
| 19:24 | Build | Farm |
| 19:24 | Build | Farm |
| 19:33 | Build | House |
| 19:35 | Build | House |
| 19:49 | Build | Mining Camp |
| 20:03 | Create | Villager (Male) |
| 20:03 | Create | Villager (Male) |
| 20:15 | Build | House |
| 20:16 | Build | House |
| 20:23 | Create | Villager (Male) |
| 20:54 | Create | Villager (Male) |
| 20:54 | Create | Villager (Male) |
| 21:00 | Build | Lumber Camp |
| 21:31 | Research | Horse Collar |
| 21:34 | Build | Farm |
| 21:55 | Build | Palisade Wall |
| 22:16 | Research | Castle Age |
| 22:28 | Build | Watch Tower |
| 23:27 | Create | Villager (Male) |
| 23:27 | Create | Villager (Male) |
| 23:32 | Research | Double-Bit Axe |
| 23:39 | Build | Farm |
| 23:41 | Build | Farm |
| 23:43 | Build | Farm |
| 23:48 | Build | Farm |
| 24:10 | Create | Militia |
| 24:10 | Create | Militia |
| 24:10 | Create | Militia |
| 24:11 | Create | Militia |
| 24:23 | Build | Dock |
| 24:37 | Research | Fletching |
| 24:54 | Create | Militia |
| 24:55 | Create | Militia |
| 24:55 | Create | Militia |
| 24:55 | Create | Militia |
| 24:56 | Age | Castle Age |
| 24:58 | Research | Gold Mining |
| 25:14 | Research | Long Swordsman (upgrade) |
| 25:24 | Build | Town Center |
| 25:38 | Create | Villager (Male) |
| 25:38 | Create | Villager (Male) |
| 26:13 | Build | Siege Workshop |
Build order — Lobiya
First 150 of 427 actions detected
| 0:55 | Build | Town Center |
| 1:16 | Build | Dock |
| 1:58 | Build | Palisade Wall |
| 1:59 | Build | Palisade Wall |
| 2:04 | Build | House |
| 3:23 | Create | Villager (Male) |
| 3:24 | Create | Villager (Male) |
| 3:24 | Create | Villager (Male) |
| 3:24 | Create | Villager (Male) |
| 4:41 | Create | Villager (Male) |
| 4:54 | Create | Fishing Ship |
| 4:54 | Create | Fishing Ship |
| 5:16 | Build | House |
| 5:17 | Create | Villager (Male) |
| 5:56 | Research | Loom |
| 6:07 | Create | Fishing Ship |
| 6:11 | Build | House |
| 6:24 | Create | Villager (Male) |
| 6:24 | Create | Villager (Male) |
| 6:48 | Create | Villager (Male) |
| 6:49 | Create | Villager (Male) |
| 6:58 | Create | Fishing Ship |
| 6:58 | Create | Fishing Ship |
| 7:16 | Create | Villager (Male) |
| 7:29 | Create | Villager (Male) |
| 7:29 | Create | Villager (Male) |
| 7:36 | Create | Villager (Male) |
| 8:08 | Create | Villager (Male) |
| 8:21 | Create | Fishing Ship |
| 8:46 | Create | Villager (Male) |
| 8:46 | Create | Villager (Male) |
| 8:53 | Create | Fishing Ship |
| 9:05 | Build | House |
| 9:19 | Create | Villager (Male) |
| 9:34 | Create | Villager (Male) |
| 9:35 | Create | Villager (Male) |
| 9:39 | Build | House |
| 9:40 | Create | Villager (Male) |
| 9:44 | Create | Villager (Male) |
| 9:47 | Build | House |
| 9:54 | Create | Villager (Male) |
| 10:12 | Create | Villager (Male) |
| 10:29 | Create | Villager (Male) |
| 10:32 | Create | Fishing Ship |
| 11:11 | Build | Mining Camp |
| 11:25 | Create | Fishing Ship |
| 11:38 | Create | Villager (Male) |
| 12:09 | Research | Feudal Age |
| 13:03 | Build | Dock |
| 13:07 | Create | Fishing Ship |
| 13:11 | Create | Fishing Ship |
| 13:24 | Build | Barracks |
| 13:58 | Build | Mill |
| 14:12 | Build | Mill |
| 14:19 | Age | Feudal Age |
| 14:21 | Create | Villager (Male) |
| 14:21 | Create | Villager (Male) |
| 14:25 | Create | Villager (Male) |
| 14:30 | Build | Stable |
| 14:40 | Create | Villager (Male) |
| 15:01 | Create | Fire Galley |
| 15:04 | Create | Villager (Male) |
| 15:04 | Create | Villager (Male) |
| 15:09 | Create | Villager (Male) |
| 15:20 | Build | Lumber Camp |
| 15:34 | Create | Villager (Male) |
| 15:40 | Create | Villager (Male) |
| 15:41 | Create | Fishing Ship |
| 15:48 | Create | Fire Galley |
| 15:57 | Create | Villager (Male) |
| 16:00 | Build | House |
| 16:01 | Build | House |
| 16:13 | Create | Fire Galley |
| 16:19 | Create | Villager (Male) |
| 16:24 | Research | Double-Bit Axe |
| 16:31 | Create | Villager (Male) |
| 16:42 | Create | Fire Galley |
| 17:13 | Build | Blacksmith |
| 17:14 | Create | Villager (Male) |
| 17:31 | Create | Fire Galley |
| 17:36 | Create | Villager (Male) |
| 17:42 | Build | Lumber Camp |
| 17:57 | Create | Villager (Male) |
| 18:01 | Create | Fire Galley |
| 18:02 | Create | Villager (Male) |
| 18:09 | Create | Villager (Male) |
| 18:10 | Create | Villager (Male) |
| 18:12 | Create | Villager (Male) |
| 18:26 | Create | Villager (Male) |
| 18:45 | Create | Villager (Male) |
| 18:46 | Create | Villager (Male) |
| 18:53 | Build | Farm |
| 18:54 | Build | Farm |
| 18:54 | Build | Farm |
| 18:54 | Build | Farm |
| 18:54 | Build | Farm |
| 18:55 | Build | Farm |
| 19:05 | Build | House |
| 19:05 | Build | House |
| 19:12 | Create | Villager (Male) |
| 19:17 | Build | House |
| 19:22 | Research | Castle Age |
| 19:52 | Create | Villager (Male) |
| 19:54 | Build | House |
| 19:55 | Build | House |
| 19:55 | Create | Villager (Male) |
| 19:58 | Build | Farm |
| 19:59 | Build | Farm |
| 20:11 | Create | Fire Galley |
| 20:12 | Research | Tech 906 |
| 20:13 | Create | Villager (Male) |
| 20:13 | Create | Villager (Male) |
| 20:44 | Create | Villager (Male) |
| 20:51 | Research | Scale Barding Armor |
| 20:51 | Research | Forging |
| 20:55 | Build | House |
| 21:43 | Create | Villager (Male) |
| 21:45 | Build | Farm |
| 21:46 | Build | Farm |
| 21:46 | Create | Villager (Male) |
| 22:00 | Create | Villager (Male) |
| 22:02 | Age | Castle Age |
| 22:06 | Build | Town Center |
| 22:08 | Create | Knight |
| 22:09 | Create | Knight |
| 22:09 | Create | Knight |
| 22:42 | Create | Villager (Male) |
| 22:45 | Create | Knight |
| 23:04 | Create | Villager (Male) |
| 23:04 | Create | Villager (Male) |
| 23:10 | Create | Villager (Male) |
| 23:24 | Build | House |
| 23:27 | Build | Farm |
| 23:27 | Build | Farm |
| 23:32 | Build | Farm |
| 23:34 | Create | Knight |
| 23:43 | Build | Town Center |
| 23:46 | Build | Farm |
| 23:46 | Create | Villager (Male) |
| 23:46 | Create | Villager (Male) |
| 23:47 | Create | Villager (Male) |
| 24:06 | Create | Knight |
| 24:15 | Build | Farm |
| 24:18 | Create | Villager (Male) |
| 24:19 | Create | Villager (Male) |
| 24:20 | Create | Villager (Male) |
| 24:26 | Build | House |
| 24:36 | Create | Villager (Male) |
| 24:48 | Create | Villager (Male) |
| 24:48 | Create | Villager (Male) |
Build order — De_Aztek
First 150 of 265 actions detected
| 0:13 | Build | Town Center |
| 1:23 | Build | Dock |
| 1:24 | Build | House |
| 2:43 | Research | Loom |
| 2:43 | Research | Loom |
| 2:43 | Create | Villager (Male) |
| 2:43 | Create | Villager (Male) |
| 2:43 | Create | Villager (Male) |
| 2:44 | Create | Villager (Male) |
| 2:44 | Create | Villager (Male) |
| 4:40 | Create | Villager (Male) |
| 4:40 | Create | Villager (Male) |
| 4:41 | Create | Fishing Ship |
| 5:52 | Create | Villager (Male) |
| 5:52 | Create | Villager (Male) |
| 6:02 | Create | Fishing Ship |
| 6:14 | Create | Villager (Male) |
| 6:21 | Build | House |
| 6:48 | Create | Villager (Male) |
| 7:22 | Create | Villager (Male) |
| 7:26 | Create | Villager (Male) |
| 7:31 | Create | Fishing Ship |
| 7:46 | Create | Villager (Male) |
| 7:54 | Build | House |
| 8:43 | Create | Villager (Male) |
| 8:48 | Create | Fishing Ship |
| 8:55 | Build | Mill |
| 9:08 | Create | Villager (Male) |
| 9:19 | Build | House |
| 9:39 | Create | Villager (Male) |
| 10:11 | Create | Villager (Male) |
| 10:16 | Create | Fishing Ship |
| 10:32 | Create | Villager (Male) |
| 10:59 | Research | Feudal Age |
| 11:13 | Build | Mining Camp |
| 11:36 | Build | House |
| 11:42 | Build | Palisade Wall |
| 11:52 | Create | Villager (Male) |
| 13:07 | Build | Barracks |
| 13:27 | Age | Feudal Age |
| 13:46 | Create | Villager (Male) |
| 14:07 | Build | Archery Range |
| 14:12 | Create | Villager (Male) |
| 14:15 | Create | Villager (Male) |
| 14:36 | Create | Villager (Male) |
| 14:42 | Build | House |
| 15:11 | Build | Lumber Camp |
| 15:18 | Create | Villager (Male) |
| 15:20 | Create | Villager (Male) |
| 15:47 | Research | Double-Bit Axe |
| 15:57 | Build | House |
| 16:02 | Build | Palisade Wall |
| 16:08 | Build | Palisade Gate |
| 16:19 | Create | Villager (Male) |
| 16:36 | Build | Blacksmith |
| 16:39 | Create | Villager (Male) |
| 16:47 | Create | Villager (Male) |
| 17:23 | Research | Castle Age |
| 17:36 | Research | Gold Mining |
| 17:49 | Build | House |
| 17:54 | Build | Palisade Wall |
| 18:01 | Build | Farm |
| 18:07 | Build | Farm |
| 18:12 | Build | Farm |
| 18:16 | Create | Villager (Male) |
| 18:50 | Build | Archery Range |
| 18:52 | Research | Fletching |
| 18:53 | Research | Padded Archer Armor |
| 18:57 | Create | Villager (Male) |
| 19:14 | Build | Mill |
| 19:24 | Build | Farm |
| 19:36 | Build | Farm |
| 19:46 | Create | Villager (Male) |
| 20:17 | Age | Castle Age |
| 20:19 | Create | Unit 1911 |
| 20:19 | Create | Unit 1911 |
| 20:19 | Create | Unit 1911 |
| 20:20 | Create | Unit 1911 |
| 20:21 | Create | Unit 1911 |
| 20:21 | Create | Unit 1911 |
| 20:26 | Create | Unit 1911 |
| 20:34 | Create | Unit 1911 |
| 21:01 | Build | Town Center |
| 21:09 | Create | Unit 1911 |
| 21:23 | Create | Villager (Male) |
| 21:25 | Create | Villager (Male) |
| 21:28 | Create | Villager (Male) |
| 21:38 | Create | Unit 1911 |
| 22:27 | Build | House |
| 22:29 | Build | House |
| 23:27 | Create | Unit 1911 |
| 23:27 | Create | Unit 1911 |
| 23:28 | Create | Unit 1911 |
| 23:28 | Create | Unit 1911 |
| 23:32 | Build | Mining Camp |
| 23:33 | Create | Villager (Male) |
| 23:34 | Create | Villager (Male) |
| 23:35 | Create | Villager (Male) |
| 23:35 | Create | Villager (Male) |
| 24:47 | Create | Villager (Male) |
| 24:48 | Create | Villager (Male) |
| 24:50 | Build | Farm |
| 24:51 | Build | Farm |
| 24:52 | Create | Villager (Male) |
| 24:52 | Create | Villager (Male) |
| 24:57 | Create | Unit 1911 |
| 24:57 | Create | Unit 1911 |
| 25:21 | Build | Siege Workshop |
| 25:28 | Build | Farm |
| 25:28 | Build | Farm |
| 25:29 | Build | Farm |
| 25:31 | Build | Farm |
| 25:45 | Build | House |
| 25:49 | Research | Bodkin Arrow |
| 25:58 | Build | Farm |
| 26:02 | Research | Wheelbarrow |
| 26:31 | Create | Battering Ram |
| 26:33 | Create | Battering Ram |
| 26:38 | Create | Villager (Male) |
| 26:41 | Create | Villager (Male) |
| 27:10 | Create | Battering Ram |
| 27:13 | Build | Farm |
| 27:15 | Create | Villager (Male) |
| 27:15 | Create | Villager (Male) |
| 27:17 | Create | Villager (Male) |
| 28:08 | Create | Villager (Male) |
| 28:08 | Create | Villager (Male) |
| 28:13 | Build | House |
| 28:24 | Create | Archer |
| 28:24 | Create | Archer |
| 30:05 | Create | Iron Pagoda |
| 30:11 | Build | Farm |
| 30:11 | Build | Farm |
| 30:12 | Create | Villager (Male) |
| 30:13 | Create | Villager (Male) |
| 30:17 | Build | Farm |
| 30:26 | Create | Iron Pagoda |
| 30:45 | Create | Villager (Male) |
| 30:55 | Build | Castle |
| 31:20 | Create | Villager (Male) |
| 31:21 | Create | Villager (Male) |
| 31:25 | Build | Mining Camp |
| 31:29 | Create | Iron Pagoda |
| 31:42 | Build | Town Center |
| 32:10 | Build | Lumber Camp |
| 32:22 | Build | Mining Camp |
| 32:29 | Build | Farm |
| 32:29 | Build | Farm |
| 32:31 | Create | Villager (Male) |
| 32:43 | Create | Unit 1911 |
Build order — GunsNroses
First 150 of 382 actions detected
| 0:41 | Build | Town Center |
| 0:59 | Build | House |
| 1:36 | Build | Dock |
| 3:04 | Create | Villager (Male) |
| 3:05 | Create | Villager (Male) |
| 3:05 | Create | Villager (Male) |
| 3:41 | Create | Villager (Male) |
| 3:42 | Create | Villager (Male) |
| 3:42 | Create | Villager (Male) |
| 4:23 | Create | Fishing Ship |
| 4:59 | Create | Villager (Male) |
| 4:59 | Create | Villager (Male) |
| 4:59 | Create | Villager (Male) |
| 5:00 | Create | Villager (Male) |
| 5:19 | Research | Loom |
| 5:20 | Create | Villager (Male) |
| 5:21 | Create | Villager (Male) |
| 5:39 | Create | Villager (Male) |
| 5:40 | Create | Villager (Male) |
| 5:40 | Create | Villager (Male) |
| 5:48 | Build | House |
| 7:00 | Create | Fishing Ship |
| 7:06 | Create | Villager (Male) |
| 7:21 | Build | House |
| 7:27 | Create | Villager (Male) |
| 7:53 | Create | Fishing Ship |
| 7:54 | Create | Fishing Ship |
| 8:02 | Build | House |
| 8:22 | Create | Villager (Male) |
| 8:33 | Build | House |
| 9:01 | Create | Villager (Male) |
| 9:20 | Build | Dock |
| 9:22 | Create | Villager (Male) |
| 9:37 | Create | Villager (Male) |
| 9:53 | Build | Mill |
| 9:57 | Create | Villager (Male) |
| 10:34 | Create | Fishing Ship |
| 10:43 | Create | Villager (Male) |
| 11:04 | Create | Villager (Male) |
| 11:25 | Create | Fishing Ship |
| 11:33 | Research | Feudal Age |
| 11:40 | Build | Mining Camp |
| 11:53 | Create | Fishing Ship |
| 12:38 | Create | Fishing Ship |
| 12:55 | Build | House |
| 12:59 | Create | Villager (Male) |
| 13:00 | Create | Villager (Male) |
| 13:11 | Create | Fishing Ship |
| 13:17 | Build | House |
| 13:37 | Age | Feudal Age |
| 13:55 | Create | Galley |
| 14:03 | Create | Villager (Male) |
| 14:25 | Create | Villager (Male) |
| 14:26 | Create | Villager (Male) |
| 14:34 | Create | Galley |
| 15:01 | Create | Villager (Male) |
| 15:08 | Build | Lumber Camp |
| 15:36 | Create | Villager (Male) |
| 15:36 | Create | Villager (Male) |
| 15:53 | Build | Market |
| 16:02 | Create | Villager (Male) |
| 16:10 | Create | Galley |
| 16:23 | Build | House |
| 16:42 | Build | Blacksmith |
| 16:49 | Research | Town Watch |
| 17:01 | Create | Galley |
| 17:24 | Research | Castle Age |
| 17:43 | Research | Fletching |
| 17:43 | Research | Fletching |
| 18:18 | Create | Galley |
| 18:26 | Create | Villager (Male) |
| 18:31 | Build | Barracks |
| 18:39 | Create | Fishing Ship |
| 18:39 | Create | Fishing Ship |
| 18:56 | Create | Galley |
| 19:13 | Research | Forging |
| 19:50 | Age | Castle Age |
| 19:55 | Research | War Galley (upgrade) |
| 20:02 | Build | Stable |
| 20:03 | Build | Stable |
| 20:05 | Build | House |
| 20:06 | Build | House |
| 20:16 | Research | Double-Bit Axe |
| 20:19 | Create | Villager (Male) |
| 20:19 | Create | Villager (Male) |
| 20:24 | Build | House |
| 20:25 | Build | House |
| 20:30 | Create | Galley |
| 20:44 | Research | Bodkin Arrow |
| 21:29 | Create | Galley |
| 21:47 | Build | Mining Camp |
| 21:49 | Create | Knight |
| 21:49 | Create | Knight |
| 21:50 | Create | Knight |
| 21:59 | Create | Villager (Male) |
| 21:59 | Create | Villager (Male) |
| 22:35 | Create | Galley |
| 22:49 | Create | Galley |
| 22:50 | Create | Villager (Male) |
| 22:51 | Create | Villager (Male) |
| 22:59 | Build | Town Center |
| 23:10 | Build | House |
| 23:10 | Build | House |
| 23:13 | Create | Knight |
| 23:13 | Create | Knight |
| 23:48 | Create | Villager (Male) |
| 23:49 | Create | Villager (Male) |
| 23:49 | Create | Villager (Male) |
| 24:04 | Create | Villager (Male) |
| 24:18 | Research | Scale Barding Armor |
| 24:40 | Create | Villager (Male) |
| 24:40 | Create | Villager (Male) |
| 24:46 | Build | Farm |
| 24:46 | Build | Farm |
| 24:46 | Build | Farm |
| 24:47 | Build | Farm |
| 24:47 | Build | Farm |
| 24:47 | Build | Farm |
| 24:47 | Build | Farm |
| 24:48 | Build | Farm |
| 24:48 | Build | Farm |
| 24:48 | Build | Farm |
| 24:48 | Build | Farm |
| 24:48 | Build | Farm |
| 24:49 | Build | Farm |
| 24:53 | Research | Bow Saw |
| 25:05 | Create | Galley |
| 25:18 | Create | Villager (Male) |
| 25:19 | Create | Villager (Male) |
| 25:46 | Create | Villager (Male) |
| 25:46 | Create | Villager (Male) |
| 25:51 | Create | Knight |
| 25:51 | Create | Knight |
| 25:51 | Create | Knight |
| 25:51 | Create | Knight |
| 26:08 | Create | Villager (Male) |
| 26:21 | Create | Knight |
| 26:31 | Create | Knight |
| 26:41 | Create | Villager (Male) |
| 26:42 | Create | Villager (Male) |
| 26:48 | Build | House |
| 26:49 | Build | House |
| 27:07 | Research | Chain Barding Armor |
| 27:20 | Create | Villager (Male) |
| 27:21 | Create | Villager (Male) |
| 27:23 | Build | Farm |
| 27:23 | Create | Villager (Male) |
| 27:24 | Create | Villager (Male) |
| 27:31 | Build | House |
| 27:31 | Build | House |
Match timeline
| 0:15 | Deathiscoming · first_building Dock |
| 0:34 | sajuk · first_building Dock |
| 0:41 | SoldierBoy · first_building Dock |
| 1:16 | Lobiya · first_building Dock |
| 1:23 | De_Aztek · first_building Dock |
| 1:23 | Dark Gundam · first_building Dock |
| 1:27 | Mr. Cold · first_building Dock |
| 1:30 | Dark Gundam · wall_segment Palisade Wall x1 |
| 1:36 | GunsNroses · first_building Dock |
| 1:44 | Dark Gundam · wall_segment Palisade Wall x1 |
| 1:44 | Mr. Cold · wall_segment Palisade Wall x1 |
| 1:46 | Mr. Cold · wall_segment Palisade Wall x1 |
| 1:58 | Lobiya · wall_segment Palisade Wall x1 |
| 1:59 | Lobiya · wall_segment Palisade Wall x1 |
| 6:21 | Mr. Cold · wall_segment Palisade Wall x2 |
| 7:05 | Mr. Cold · wall_segment Palisade Wall x12 |
| 7:50 | Dark Gundam · wall_segment Palisade Wall x8 |
| 8:00 | sajuk · wall_segment Palisade Wall x3 |
| 8:18 | sajuk · wall_segment Palisade Wall x2 |
| 9:04 | sajuk · wall_segment Palisade Wall x9 |
| 9:52 | Dark Gundam · wall_segment Palisade Wall x3 |
| 10:36 | Dark Gundam · first_building Barracks |
| 11:08 | Mr. Cold · wall_segment Palisade Wall x14 |
| 11:14 | sajuk · wall_segment Palisade Wall x5 |
| 11:18 | sajuk · wall_segment Palisade Wall x1 |
| 11:21 | SoldierBoy · wall_segment Palisade Wall x1 |
| 11:24 | SoldierBoy · wall_segment Palisade Wall x1 |
| 11:25 | Deathiscoming · first_building Barracks |
| 11:26 | SoldierBoy · wall_segment Palisade Wall x1 |
| 11:41 | Dark Gundam · wall_segment Palisade Wall x10 |
| 11:42 | De_Aztek · wall_segment Palisade Wall x7 |
| 11:52 | Mr. Cold · wall_segment Palisade Wall x9 |
| 11:57 | Dark Gundam · wall_segment Palisade Wall x19 |
| 11:58 | Dark Gundam · wall_segment Palisade Wall x1 |
| 11:59 | Mr. Cold · wall_segment Palisade Wall x7 |
| 12:34 | sajuk · wall_segment Palisade Wall x9 |
| 13:07 | De_Aztek · first_building Barracks |
| 13:08 | Mr. Cold · wall_segment Palisade Wall x9 |
| 13:24 | Lobiya · first_building Barracks |
| 13:27 | De_Aztek · age_up feudal |
| 13:37 | GunsNroses · age_up feudal |
| 14:00 | Dark Gundam · age_up feudal |
| 14:07 | De_Aztek · first_building Archery Range |
| 14:19 | Lobiya · age_up feudal |
| 14:20 | Deathiscoming · age_up feudal |
| 14:30 | Lobiya · first_building Stable |
| 14:38 | Deathiscoming · wall_segment Palisade Wall x5 |
| 14:44 | Mr. Cold · age_up feudal |
| 15:29 | sajuk · first_building Barracks |
| 15:32 | Mr. Cold · wall_segment Stone Wall x9 |
| 15:37 | SoldierBoy · age_up feudal |
| 15:55 | sajuk · age_up feudal |
| 16:02 | De_Aztek · wall_segment Palisade Wall x5 |
| 16:12 | Mr. Cold · wall_segment Palisade Wall x6 |
| 16:15 | Mr. Cold · wall_segment Palisade Wall x10 |
| 16:28 | SoldierBoy · first_market_sell 100 wood |
| 16:54 | Dark Gundam · wall_segment Palisade Wall x1 |
| 17:09 | Mr. Cold · wall_segment Stone Wall x5 |
| 17:41 | GunsNroses · first_market_sell 100 food |
| 17:54 | De_Aztek · wall_segment Palisade Wall x15 |
| 18:00 | Deathiscoming · wall_segment Palisade Wall x9 |
| 18:09 | SoldierBoy · wall_segment Palisade Wall x13 |
| 18:22 | SoldierBoy · wall_segment Palisade Wall x7 |
| 18:23 | SoldierBoy · wall_segment Palisade Wall x1 |
| 18:23 | Mr. Cold · age_up castle |
| 18:31 | GunsNroses · first_building Barracks |
| 18:41 | Deathiscoming · first_building Archery Range |
| 18:56 | Mr. Cold · wall_segment Stone Wall x4 |
| 18:59 | Mr. Cold · wall_segment Stone Wall x13 |
| 19:33 | Mr. Cold · wall_segment Stone Wall x9 |
| 19:47 | sajuk · first_market_sell 100 wood |
| 19:50 | GunsNroses · age_up castle |
| 20:02 | GunsNroses · first_building Stable |
| 20:12 | GunsNroses · first_market_buy 100 wood |
| 20:17 | De_Aztek · age_up castle |
| 20:25 | SoldierBoy · age_up castle |
| 21:10 | Mr. Cold · first_building Castle |
| 21:22 | Mr. Cold · wall_segment Stone Wall x1 |
| 21:37 | Mr. Cold · wall_segment Stone Wall x5 |
| 21:55 | Dark Gundam · wall_segment Palisade Wall x7 |
| 22:02 | Lobiya · age_up castle |
| 22:02 | sajuk · wall_segment Palisade Wall x15 |
| 22:03 | Dark Gundam · first_market_buy 100 food |
| 22:08 | sajuk · wall_segment Palisade Wall x16 |
| 22:10 | Dark Gundam · first_market_sell 100 wood |
| 22:26 | sajuk · wall_segment Stone Wall x12 |
| 22:34 | sajuk · age_up castle |
| 23:09 | sajuk · first_building Stable |
| 23:46 | Mr. Cold · wall_segment Stone Wall x3 |
| 23:48 | Mr. Cold · wall_segment Stone Wall x4 |
| 24:02 | Deathiscoming · wall_segment Palisade Wall x9 |
| 24:41 | Mr. Cold · first_building Barracks |
| 24:50 | SoldierBoy · first_building Monastery |
| 24:53 | sajuk · first_building Castle |
| 24:56 | Dark Gundam · age_up castle |
| 25:21 | De_Aztek · first_building Siege Workshop |
| 25:38 | sajuk · first_market_buy 100 food |
| 25:48 | SoldierBoy · first_market_buy 100 stone |
| 26:13 | Dark Gundam · first_building Siege Workshop |
| 26:44 | Deathiscoming · wall_segment Palisade Wall x1 |
| 27:22 | Mr. Cold · first_building Siege Workshop |
| 27:36 | Deathiscoming · age_up castle |
| 27:51 | Deathiscoming · wall_segment Palisade Wall x1 |
| 30:44 | Dark Gundam · first_building Stable |
| 30:55 | De_Aztek · first_building Castle |
| 31:25 | Mr. Cold · first_building Stable |
| 32:30 | Lobiya · first_market_buy 100 stone |
| 32:55 | Deathiscoming · first_building Stable |
| 33:04 | Dark Gundam · wall_segment Stone Wall x1 |
| 33:06 | Dark Gundam · wall_segment Stone Wall x1 |
| 33:14 | Dark Gundam · wall_segment Stone Wall x1 |
| 33:19 | Dark Gundam · wall_segment Stone Wall x1 |
| 33:28 | GunsNroses · first_building Castle |
| 33:30 | Deathiscoming · first_building Monastery |
| 33:56 | Mr. Cold · first_market_buy 100 food |
| 34:23 | Mr. Cold · first_market_sell 100 food |
| 36:16 | SoldierBoy · first_building Castle |
| 36:37 | GunsNroses · wall_segment Stone Wall x9 |
| 36:41 | GunsNroses · wall_segment Stone Wall x9 |
| 36:42 | Deathiscoming · first_building Castle |
| 36:56 | Deathiscoming · wall_segment Stone Wall x11 |
| 37:03 | Dark Gundam · wall_segment Stone Wall x10 |
| 37:34 | sajuk · first_building Archery Range |
| 37:35 | Mr. Cold · age_up imperial |
| 37:45 | SoldierBoy · age_up imperial |
| 37:58 | Mr. Cold · wall_segment Stone Wall x6 |
| 38:22 | Dark Gundam · first_building Castle |
| 38:27 | Lobiya · first_building Monastery |
| 38:47 | SoldierBoy · first_building Barracks |
| 38:54 | SoldierBoy · first_building Siege Workshop |
| 39:02 | GunsNroses · age_up imperial |
| 39:12 | Deathiscoming · wall_segment Stone Wall x10 |
| 39:26 | Deathiscoming · wall_segment Stone Wall x19 |
| 39:29 | Lobiya · first_market_sell 500 food |
| 39:52 | SoldierBoy · first_building Archery Range |
| 41:05 | Mr. Cold · wall_segment Stone Wall x1 |
| 41:12 | De_Aztek · age_up imperial |
| 41:13 | Deathiscoming · wall_segment Stone Wall x5 |
| 41:45 | Lobiya · first_building Castle |
| 42:35 | Deathiscoming · wall_segment Stone Wall x2 |
| 42:42 | Lobiya · age_up imperial |
| 42:45 | Dark Gundam · age_up imperial |
| 43:05 | Deathiscoming · wall_segment Stone Wall x6 |
| 43:46 | sajuk · age_up imperial |
| 45:36 | Mr. Cold · wall_segment Stone Wall x7 |
| 45:39 | Mr. Cold · first_building Archery Range |
| 47:54 | Deathiscoming · resign |
[ AI ANALYSIS · 1 CREDIT ]
What really happened in this match?
Wolo.gg analyzes every decision: build order, eco, micro, common mistakes by bracket. Personalized analysis on WhatsApp or Discord in 30 seconds.
Civ guide
Japanese
Perfil
Deathiscoming